 Dungeon Crawl Stone Soup version 0.31-a0-672-g7da72447bb (webtiles) character file.

Game seed: 11432723831513695849

312 Dirtsage the Changeling (level 6, 0/47 HPs)
             Began as a Demonspawn Shapeshifter on Sept 4, 2023.
             Was an Initiate of Makhleb.
             Slain by an ogre
             ... wielding a +0 giant club
              (13 damage)
             ... on level 5 of the Dungeon.
             The game lasted 00:06:52 (3414 turns).

Dirtsage the Changeling (Demonspawn Shapeshifter)   Turns: 3414, Time: 00:06:53

Health: 0/47       AC:  5    Str: 17    XL:     6   Next: 18%
Magic:  15/15      EV: 10    Int: 11    God:    Makhleb [......]
Gold:   184        SH:  3    Dex: 12    Spells: 5/5 levels left

rFire   . .          .
                       - Unarmed
rCold   . . .        v - +0 buckler
rNeg    . . .        q - +0 ring mail
rPois   .            (helmet currently unavailable)
rElec   .            (cloak currently unavailable)
rCorr   .            (gloves currently unavailable)
SInv    .            (boots currently unavailable)
Will    .....        (no amulet)
Stlth   +            w - ring of magical power
HPRegen 0.27/turn    (no ring)
MPRegen 0.14/turn

%: no passive effects
@: beast-form
A: beast (slay +2), spiny 1
a: Begin Untransformation, Renounce Religion


You were on level 5 of the Dungeon.
You worshipped Makhleb.
Makhleb was noncommittal.
You were a hulking beast.
You visited 2 branches of the dungeon, and saw 6 of its levels.

You collected 184 gold pieces.

Inventory:

Armour
 a - a +0 animal skin
 f - a +0 cloak
 n - a +0 pair of boots
 o - a scarf of shadows
 q - a +0 ring mail (worn)
 u - a +0 scale mail
 v - a +0 buckler (worn)
Jewellery
 w - a ring of magical power (left hand)
Talismans
 c - a beast talisman (active)
 d - a flux talisman
 k - a blade talisman
Wands
 g - a wand of roots (8)
Scrolls
 i - 3 scrolls of identify
 j - a scroll of torment
 m - a scroll of poison
 t - 3 scrolls of teleportation
 x - a scroll of amnesia {unknown}
Potions
 b - a potion of lignification
 e - a potion of attraction {unknown}
 h - a potion of might {unknown}
 l - 2 potions of mutation {unknown}
 p - a potion of invisibility
 r - a potion of haste {unknown}
 s - a potion of curing {unknown}


   Skills:
 + Level 3.1 Fighting
 - Level 1.7 Dodging
 + Level 3.9 Unarmed Combat
 * Level 4.6 Shapeshifting


You had 5 spell levels left.
You didn't know any spells.
Your spell library was empty.

Dungeon Overview and Level Annotations

Branches:
Dungeon (5/15)             Temple (1/1) D:5

Altars:
Ashenzari
Cheibriados
Dithmenos
Fedhas
Gozag
Hepliaklqana
Kikubaaqudgha
Makhleb
Nemelex Xobeh
Okawaru
Qazlal
Ru
Sif Muna
Trog
Uskayaw
Vehumet
Wu Jian
Xom
Yredelemnul

Shops:
D:4 [

Portals:
Abyss: D:4

Annotations:
D:4 2 transporters, Dirtsage's ghost, amateur OpSh


Innate Abilities, Weirdness & Mutations

You are a hulking beast.
Your limbs bulge with bestial killing power. (Slay +2)
You are partially covered in sharp spines.


Message History

You take 1 damage, and have 39/47 hp.
You hit the worm.
The worm is almost dead.
You punch the worm!
You kill the worm!
There is a staircase to the Ecumenical Temple here.
You climb downwards.
Welcome to the Ecumenical Temple!
Found a staircase back to the Dungeon.
There is a staircase back to the Dungeon here.
HP restored.
Done exploring.
Health restored: 47
There is a burning altar of Makhleb here.
You kneel at the altar of Makhleb.
Makhleb welcomes you!
There is a staircase back to the Dungeon here.
You climb upwards.
Welcome back to the Dungeon!
There is a staircase to the Ecumenical Temple here.
i - 3 scrolls of identify (gained 1)
x - a scroll labelled MOTSIBLO DUTIOGI No target in view!
No target in view!
You now have 184 gold pieces (gained 11).
An ogre comes into view. It is wielding a +0 giant club.
The ogre shouts!
An ogre is nearby!
The ogre hits you with a +0 giant club!!
Ouch! That really hurt!
* * * LOW HITPOINT WARNING * * *
You hear a shout!
You take 34 damage, and have 13/47 hp.
MASSIVE DAMAGE!!
Okay, then.
You punch the ogre!
The ogre is moderately wounded.
You hear a shout!
You punch the ogre!
The ogre is heavily wounded.
An orc comes into view. It is wielding a +0 war axe.
The ogre is struck by your spines. The ogre hits you with a +0 giant club!
You die...

#..#.#####.....# ....
####....................
.............# .##...
..........#.####.....
...................#
.........#.#.......#
#...............#..#
.......†#.#.#...#O.##...
......#.......#.h.......
#...#...#.>.#...#.......
##....#.......#....#....
#..†...#.#.#...#### o..
$...............# .
.......#.#.#..#...
.......#......#.#.
.......)..#...#.#..
...............


You could see an ogre and an orc.

Vanquished Creatures
  An ogre (D:4)
  A hound (D:4)
  An iguana (D:5)
  A sleepcap (D:4)
  An orc wizard (D:4)
  An adder (D:4)
  A shadow imp (D:4)
  4 worms
  3 dart slugs
  3 orcs (D:4)
  4 ball pythons
  3 bats
  8 endoplasms
  5 giant cockroaches
  7 goblins
  8 hobgoblins
  10 jackals
  3 quokkas
  2 frilled lizards
  10 kobolds
  6 rats
83 creatures vanquished.

Notes
Turn   | Place    | Note
-------+----------+-------------------------------------------
     0 | D:1      | Dirtsage the Demonspawn Shapeshifter began the quest for
                  | the Orb.
     0 | D:1      | Reached XP level 1. HP: 15/15 MP: 1/1
   211 | D:1      | Gained mutation: You are partially covered in sharp spines.
                  | [demonic ancestry]
   211 | D:1      | Reached XP level 2. HP: 18/21 MP: 2/2
   269 | D:1      | Reached skill level 3 in Shapeshifting
   654 | D:2      | Reached XP level 3. HP: 20/26 MP: 3/3
  1676 | D:3      | Identified the +8 rapier of Eternal Night {heavy, *Rage
                  | rPois Int-3 Stlth+}
  1822 | D:3      | Reached XP level 4. HP: 33/33 MP: 4/4
  2037 | D:4      | Found a transporter.
  2037 | D:4      | Found a one-way gate to the infinite horrors of the Abyss.
  2037 | D:4      | Noticed Dirtsage's ghost (amateur OpSh)
  2038 | D:4      | Found a transporter.
  2038 | D:4      | Noticed a small abomination
  2072 | D:4      | Found Helis's Armour Shoppe.
  2454 | D:4      | Reached skill level 4 in Shapeshifting
  2454 | D:4      | Reached XP level 5. HP: 26/39 MP: 5/5
  2776 | D:4      | Noticed an ogre
  2784 | D:4      | Killed an ogre
  2900 | D:4      | Reached XP level 6. HP: 47/47 MP: 6/6
  2997 | D:4      | Found a blossoming altar of Fedhas.
  3000 | D:4      | Found a shadowy altar of Dithmenos.
  3000 | D:4      | Found an opulent altar of Gozag.
  3008 | D:4      | Found a shimmering blue altar of Sif Muna.
  3008 | D:4      | Found an iron altar of Okawaru.
  3159 | D:5      | Entered Level 5 of the Dungeon
  3261 | D:5      | Found a staircase to the Ecumenical Temple.
  3349 | Temple   | Entered the Ecumenical Temple
  3383 | Temple   | Became a worshipper of Makhleb the Destroyer
  3414 | D:5      | Slain by an ogre

Illustrated notes

Levels and vault maps discovered:
D:1:      dpeg_arrival_lava_temple_mockup, layout_rooms, dreamdust_wishing_well
D:2:      layout_basic, serial_forest, infiniplex_forest_lined_ring,
          infiniplex_forest_diagonal, infiniplex_forest_straight_3,
          infiniplex_forest_3_way, infiniplex_forest_clump_small,
          infiniplex_forest_lined_2, infiniplex_forest_end_3,
          infiniplex_forest_straight_4, basic_altar
D:3:      layout_basic, hangedman_decor_diamond_cutter
D:4:      layout_loops_ring, minmay_overflow_temple_star_hex, serial_shops,
          shop, gammafunk_ghost_abyssal_escape
D:5:      layout_cave_pools, minmay_temple_entry_sparse_star, serial_rivers,
          chequers_serial_rivers_micro_a, chequers_serial_rivers_small_3,
          chequers_serial_rivers_large_b, chequers_serial_rivers_micro_c,
          chequers_serial_rivers_marsh
Temple:   nicolae_temple_superstar

Skill      XL: |  1  2  3  4  5 |
---------------+----------------+-----
Shapeshifting  | 3 4 |  4.6
Unarmed Combat | 3 |  3.9
Fighting       | 2 3 |  3.1
Dodging        | |  1.7

Action                     |  1- 3 |  4- 6 || total
---------------------------+-------+-------++-------
  Melee: Unarmed           |   103 |    85 ||   188
         Punch             |     1 |     4 ||     5
    Use: Scroll            |       |     4 ||     4
 Armour: Animal skin       |    35 |     3 ||    38
         Ring mail         |       |    27 ||    27
         Scale mail        |       |     4 ||     4
  Dodge: Dodged            |    54 |    30 ||    84

Table legend: (Time is in decaauts)
 A = Elapsed time spent in this place.
 B = Non-inter-level travel time spent in this place.
 C = Inter-level travel time spent in this place.
 D = Time resting spent in this place.
 E = Time spent auto-exploring this place.
 F = Levels seen in this place.
 G = Mean time per level.
                   A        B        C        D        E       F      G
               +--------+--------+--------+--------+--------+-----+--------+
         Total |   3400 |   3196 |    204 |     49 |   2625 |   6 |  566.7 |
       Dungeon |   3354 |   3172 |    182 |     49 |   2603 |   5 |  670.8 |
        Temple |     46 |     24 |     22 |      0 |     22 |   1 |   46.0 |
               +--------+--------+--------+--------+--------+-----+--------+

Top non-repeatable levels by time:
     D:4: 1150 daAuts
     D:2: 1025 daAuts
     D:1: 508 daAuts
     D:3: 463 daAuts
     D:5: 206 daAuts
  Temple: 46 daAuts
